 Dungeon Crawl Stone Soup version 0.17-a0-1763-g847a857 (webtiles) character file.

27 shakdrar the Skirmisher (level 3, 0/36 HPs)
             Began as a Naga Abyssal Knight on Sept 4, 2015.
             Was a Follower of Lugonu.
             Slain by a hobgoblin
             ... wielding a +0 club
             ... led by Robin
              (6 damage)
             ... on level 2 of the Dungeon.
             The game lasted 00:05:44 (1231 turns).

shakdrar the Skirmisher (Naga Abyssal Knight)       Turns: 1231, Time: 00:05:44

Health: 0/36       AC:  2    Str: 15    XL:     3   Next: 10%
Magic:  4/4        EV:  9    Int: 12    God:    Lugonu [*.....]
Gold:   47         SH:  0    Dex:  8    Spells: 0 memorised, 2 levels left

rFire  . . .     SeeInvis +     a - +1 falchion
rCold  + . .     Clarity  .     b - +0 leather armour
rNeg   . . .     SustAt   .     (no shield)
rPois  +         Gourm    .     (no helmet)
rElec  .         Spirit   .     (no cloak)
rCorr  .         Warding  .     (no gloves)
rMut   .         Rnd*Tele +     (no barding)
MR     .....                    (no amulet)
Stlth  +.........               e - ring of teleportation (curse)
                                d - ring of protection from cold

@: very slow, not resistant to hostile enchantments, very unstealthy
A: see invisible, clumsy 1, deformed body, poison resistance, slowness 2, slow
metabolism 1, spit poison 2, subdued magic 1, AC +1
a: Spit Poison, Depart the Abyss, Renounce Religion, Evoke Teleportation


You were on level 2 of the Dungeon.
You worshipped Lugonu.
Lugonu was aware of your devotion.
You were not hungry.

You visited 1 branch of the dungeon, and saw 2 of its levels.
You visited the Abyss 1 time.

You collected 47 gold pieces.

Inventory:

Hand weapons
 a - a +1 falchion (weapon)
Armour
 b - a +0 leather armour (worn)
Jewellery
 d - a ring of protection from cold (left hand)
 e - a cursed ring of teleportation (right hand)
Comestibles
 c - a bread ration


   Skills:
 + Level 3.7 Fighting
 + Level 2.0 Long Blades
 + Level 1.7 Armour
 - Level 0.7 Dodging
 + Level 2.4 Invocations


You had 2 spell levels left.
You didn't know any spells.

Dungeon Overview and Level Annotations

Branches:
Dungeon (2/15)

Altars:
Xom

Annotations:
D:2 Ijyb, Robin


Innate Abilities, Weirdness & Mutations

You cannot wear boots.
Your serpentine skin is tough (AC +1).
You have supernaturally acute eyesight.
Armour fits poorly on your strangely shaped body.
Your system is resistant to poisons.
You cover ground very slowly.
You have a slow metabolism.
You can spit poison.
[You are clumsy. (Dex -2)]
[Your spells are a little easier to cast, but a little less powerful.]


Message History

Found a leather armour.
You see here a slice of pizza.
The goblin hits you with a club. The hobgoblin closely misses you.
Found a stone staircase leading up.
A hobgoblin comes into view. It is wielding a club.
The hobgoblin shouts!
Robin roars a battlecry!
The hobgoblins go into a battle-frenzy!
The hobgoblin hits you with a club. x2
Ijyb the Twisted Goblin comes into view.
He is wielding a club.
The hobgoblin hits you with a club. The goblin barely misses you.
The hobgoblin hits you with a club.
* * * LOW HITPOINT WARNING * * *
Found a shimmering altar of Xom.
Robin roars a battlecry!
The hobgoblin goes into a battle-frenzy!
The hobgoblin hits you with a club.
* * * LOW HITPOINT WARNING * * *
The hobgoblin hits you with a club.
You die...

#........^^^..
..#........^_^..
...........^...#
.........<.....
..........g......#
.....(#b.........#
......#.....g[...#
...b..#..ggg@....#
.......g.gggg....#
[.......gg.g....#
##.....gg######
#...%...#
#.......#
#.......#
#.......#
#.......#


You could see Ijyb, Robin, 7 hobgoblins, 6 goblins and a bat.

Vanquished Creatures
  4 bats
  2 giant cockroaches (D:1)
  3 hobgoblins (D:1)
  5 kobolds (D:1)
  A ball python (D:1)
  2 giant newts (D:1)
  3 goblins (D:1)
  6 rats
26 creatures vanquished.

Notes
Turn   | Place    | Note
--------------------------------------------------------------
     0 | Abyss:1  | shakdrar the Naga Abyssal Knight began the quest for the Orb.
     0 | Abyss:1  | Reached XP level 1. HP: 21/21 MP: 2/2
    20 | Abyss:1  | Noticed a wretched star
    21 | D:1      | Escaped the Abyss
   310 | D:1      | Acquired Lugonu's first power
   310 | D:1      | Reached XP level 2. HP: 28/28 MP: 3/3
   908 | D:1      | Reached XP level 3. HP: 16/36 MP: 4/4
  1226 | D:2      | Noticed Robin
  1230 | D:2      | Found a shimmering altar of Xom.
  1230 | D:2      | Noticed Ijyb
  1231 | D:2      | Slain by a hobgoblin

Vault maps used:
D:1:      minmay_arrival_arboretum_small
D:2:      kennysheep_six_static_rooms, xom_teletrap_fun, serial_park_tiny_2,
          kennysheep_minor_cross, uniq_robin, uniq_iyjb, uniq_sigmund,
          uniq_jessica
Abyss:1:  minivault_28, evilmike_abyss_exit_7, evilmike_abyss_exit_vortex

Action                   || total
-------------------------++-------
Melee: Falchion          ||    83
Invok: Depart the Abyss  ||     1
  Use: Scroll            ||     2
       Potion            ||     1
 Stab: Sleeping          ||     1
  Eat: Chunk             ||     1
